Map: Cactus Valley LE (Void)

Players

Railgan - Winner!

  • Race: Zerg Zerg
  • League: Grandmaster
  • Spawn Location: 7:00

Glückskeks

  • Race: Terran Terran
  • League: Master
  • Spawn Location: 5:00

VOD

Have the link to the VOD?

Description

Time

  • Played on: March 4, 2017, 5:03 p.m.
  • Length: 10:53
Show
View Real Time Build Order
Export as new Build Order

Railgan Zerg - Winner!

Build Orders: Pool First, Lurkers 

Get SALT Encoding   

  12  0:01  Drone  
  13  0:12  Overlord  
  13  0:18  Drone  
  14  0:30  Drone x2  
  16  0:36  Drone  
  17  0:46  Spawning Pool  
  17  0:49  Drone  
  17  0:55  Drone  
  18  1:12  Hatchery  
  18  1:13  Extractor  
  18  1:16  Drone  
  17  1:19  Drone  
  18  1:32  Queen  
  18  1:33  Zergling x2  
  18  1:39  Drone  
  22  1:50  Overlord  
  22  2:09  Drone  
  22  2:11  Queen  
  22  2:13  Drone  
  26  2:20  Metabolic Boost  
  26  2:25  Drone x2, Queen  
  30  2:32  Drone  
  31  2:39  Drone  
  31  2:43  Drone x2  
  34  2:47  Drone x2  
  34  2:48  Overlord  
  36  2:54  Evolution Chamber  
  36  2:55  Drone  
  35  3:08  Drone  
  35  3:10  Drone x2  
  38  3:19  Spine Crawler  
  37  3:20  Zerg Ground Armor Level 1  
  37  3:21  Zergling x8  
  37  3:23  Drone  
  42  3:28  Overlord  
  42  3:31  Drone  
  43  3:41  Extractor  
  43  3:46  Drone x2  
  43  3:47  Drone x2  
  46  3:52  Overlord  
  46  3:53  Extractor  
  45  3:57  Drone, Zergling x2  
  45  3:58  Zergling x4  
  49  4:03  Lair  
  49  4:05  Extractor  
  49  4:09  Zergling x4  
  50  4:10  Zergling x2  
  50  4:11  Zergling x2  
  50  4:12  Zergling x2  
  50  4:14  Queen  
  55  4:23  Drone x2  
  55  4:24  Drone  
  55  4:25  Drone x2  
  56  4:31  Overlord  
  56  4:37  Drone  
  56  4:39  Drone  
  56  4:41  Drone x2  
  56  4:43  Spore Crawler  
  56  4:44  Spore Crawler  
  55  4:50  Drone x2  
  57  4:55  Drone x2  
  57  4:56  Overlord  
  57  4:57  Drone x2  
  61  5:04  Overlord  
  60  5:07  Drone  
  60  5:12  Drone  
  60  5:13  Drone x2  
  62  5:15  Drone  
  62  5:18  Spire  
  61  5:23  Overseer  
  60  5:30  Drone x2  
  60  5:33  Drone  
  62  5:37  Drone  
  62  5:38  Drone x3  
  63  5:43  Overlord  
  63  5:52  Zergling x8  
  63  5:54  Hydralisk Den  
  66  5:57  Hatchery  
  66  6:01  Zerg Ground Armor Level 2  
  66  6:05  Evolution Chamber, Zergling x2  
  66  6:06  Zergling x2  
  66  6:07  Zergling x2  
  66  6:10  Pneumatized Carapace  
  68  6:15  Zergling x6  
  71  6:23  Overlord  
  69  6:27  Drone, Muscular Augments  
  69  6:32  Drone x3  
  71  6:36  Zerg Missile Weapons Level 1  
  70  6:42  Drone  
  70  6:43  Drone x4  
  75  6:52  Drone  
  75  6:53  Drone, Overlord  
  75  6:54  Drone  
  75  6:56  Overlord  
  74  7:03  Hydralisk  
  74  7:07  Hydralisk  
  78  7:09  Hydralisk  
  80  7:15  Queen  
  80  7:17  Drone x2  
  80  7:20  Drone  
  83  7:27  Hydralisk  
  83  7:29  Drone x6  
  89  7:32  Drone x2  
  90  7:38  Extractor x2, Spore Crawler  
  90  7:42  Hydralisk x3  
  92  7:51  Drone  
  92  7:55  Hydralisk  
  92  7:56  Hydralisk x4  
  102  7:59  Lurker Den  
  102  8:00  Overlord  
  102  8:04  Hydralisk  
  102  8:05  Hydralisk x3  
  106  8:09  Overlord  
  110  8:14  Hydralisk  
  110  8:15  Hydralisk  
  110  8:19  Hydralisk  
  116  8:27  Drone x2  
  116  8:28  Drone  
  116  8:30  Zerg Missile Weapons Level 2  
  119  8:36  Hydralisk  
  119  8:38  Hatchery  
  117  8:46  Hydralisk  
  117  8:48  Drone x3  
  121  8:52  Hydralisk x2  
  117  9:05  Hydralisk x2  
  117  9:11  Hydralisk  
  117  9:12  Hydralisk  
  117  9:13  Hydralisk x5  
  130  9:18  Hydralisk x2  
  132  9:27  Drone  
  132  9:29  Drone x2  
  135  9:33  Zergling x6  
  135  9:34  Overlord  
  138  9:40  Overlord  
  138  9:41  Overlord  
  138  9:46  Overlord  
  134  9:58  Lurker x8  
  134  9:59  Zergling x2  
  143  10:06  Hydralisk  
  143  10:07  Hydralisk x2  
  149  10:15  Hydralisk x2  
  149  10:20  Hydralisk x2  
  157  10:27  Hydralisk x2  
Show
View Real Time Build Order
Export as new Build Order

Glückskeks Terran 

Build Orders: Reaper Expand, Mech, Banshee Rush 

Get SALT Encoding   

  12  0:00  SCV  
  13  0:12  SCV  
  14  0:18  Supply Depot  
  14  0:24  SCV  
  15  0:31  Refinery  
  15  0:40  SCV  
  16  0:45  Barracks  
  16  0:52  SCV  
  17  1:04  SCV  
  18  1:16  SCV  
  19  1:32  Orbital Command  
  19  1:33  Reaper  
  20  1:45  Command Center  
  20  1:58  Factory  
  20  1:59  SCV  
  22  2:09  Refinery  
  22  2:12  SCV  
  23  2:16  Supply Depot  
  23  2:18  Barracks Reactor  
  22  2:24  SCV  
  23  2:38  SCV  
  24  2:45  Starport  
  24  2:53  SCV  
  24  3:02  Hellion x2  
  24  3:05  SCV  
  28  3:17  SCV  
  29  3:23  Starport Tech Lab, Hellion x2, Orbital Command  
  33  3:29  SCV  
  34  3:41  SCV  
  34  3:45  Cloaking Field, Banshee  
  38  3:51  SCV  
  38  3:53  SCV  
  40  3:59  Cyclone  
  40  4:02  Hellion, Supply Depot  
  45  4:03  SCV  
  45  4:06  Refinery  
  46  4:13  SCV  
  45  4:22  SCV  
  40  4:25  SCV  
  40  4:27  Cyclone  
  40  4:34  SCV  
  38  4:41  SCV  
  38  4:42  Banshee  
  42  4:47  SCV  
  42  4:54  SCV  
  42  4:59  SCV  
  44  5:07  SCV  
  41  5:22  SCV  
  41  5:24  Hellion x2  
  45  5:32  SCV  
  45  5:34  SCV  
  45  5:44  SCV  
  45  5:48  SCV  
  47  5:51  Hellion x2, Command Center  
  47  5:56  SCV  
  52  5:58  Supply Depot x2  
  52  6:00  SCV  
  53  6:08  Factory, SCV  
  54  6:19  SCV  
  54  6:20  Refinery, SCV  
  56  6:31  SCV  
  56  6:32  SCV  
  58  6:42  Medivac  
  58  6:44  Barracks Tech Lab, SCV x2  
  62  6:49  Factory  
  59  6:56  SCV x2  
  59  6:59  Hellion, Armory  
  63  7:02  Armory  
  63  7:05  Hellion x2  
  63  7:08  SCV x2  
  68  7:10  Orbital Command  
  68  7:11  Supply Depot  
  69  7:27  SCV x2  
  71  7:34  Siege Tank, Medivac  
  73  7:39  SCV x2  
  73  7:41  Factory  
  75  7:51  SCV x2  
  75  7:56  Cyclone x2  
  80  8:00  Orbital Command  
  80  8:03  SCV x2  
  82  8:06  Siege Tank  
  82  8:08  Refinery x2  
  85  8:15  SCV  
  85  8:16  SCV  
  85  8:18  Siege Tank  
  90  8:27  Factory Tech Lab  
  90  8:28  SCV x2  
  90  8:32  Supply Depot x2  
  92  8:40  SCV  
  93  8:42  SCV x2  
  93  8:43  Supply Depot  
  93  8:44  Supply Depot  
  91  8:53  Cyclone, Siege Tank x2  
  91  8:54  Siege Tank  
  103  8:55  Terran Vehicle Weapons Level 1, Supply Depot  
  103  8:59  Supply Depot  
  93  9:06  SCV  
  93  9:08  Hellion  
  73  9:19  SCV  
  73  9:20  SCV  
  70  9:25  Siege Tank x2, Liberator  
  70  9:27  Hellion  
  70  9:28  Hellion  
  78  9:32  SCV  
  79  9:42  Hellion  
  84  9:46  Supply Depot  
  84  9:49  Siege Tank, Supply Depot  
  83  9:57  Siege Tank  
  85  10:02  SCV  
  86  10:08  SCV  
  86  10:10  Hellion x2  
  86  10:14  SCV, Command Center  
  91  10:17  Hellion x2  
  98  10:37  Refinery x2, SCV  
Tags
 
Add a new tag
Caveats
  • Supply blocks, unpowered buildings, or Contaminate may cause inaccurate times.
  • Supply counts are checked every 10 seconds.